 Dungeon Crawl Stone Soup version 0.30-a0-743-gbfdf073431 (console) character file.

Game seed: 4508865616843870

4 Banquo the Magician (level 1, 0/15 HPs)
             Began as a Djinni Earth Elementalist on Feb 6, 2023.
             Slain by a kobold
             ... wielding a +0 dagger of protection
              (4 damage)
             ... on level 1 of the Dungeon.
             The game lasted 00:00:30 (149 turns).

Banquo the Magician (Djinni Earth Elementalist)      Turns: 149, Time: 00:00:31

Health: 0/15       AC:  2    Str:  7    XL:     1   Next: 66%
Gold:   0          EV: 12    Int: 16    God:
                   SH:  0    Dex: 13

rFire   + + .      SeeInvis .    d - +2 dagger (venom)
rCold   x . .      Faith    .    (no shield)
rNeg    . . .      Spirit   .    a - +0 robe
rPois   ∞          Reflect  .    (no helmet)
rElec   .          Harm     .    (no cloak)
rCorr   .          Rampage  .    (no gloves)
Will    .....                    (boots unavailable)
Stlth   ++                       (no amulet)
HPRegen 0.22/turn                (no ring)
MPRegen 0.00/turn                (no ring)

@: flying
A: sickness immunity, fire resistance 2, cold vulnerability 1, float, innate
caster, HP casting, extra vitality 1
a: no special abilities


You were on level 1 of the Dungeon.
You visited 1 branch of the dungeon, and saw 1 of its levels.

Inventory:

Hand Weapons
 d - a +2 dagger of venom (weapon)
Armour
 a - a +0 robe (worn)
Potions
 b - a potion of magic
 c - a potion of brilliance {unknown}


   Skills:
 * Level 0.2 Fighting
 - Level 2.1 Dodging
 - Level 1.5 Stealth
 + Level 2.5 Spellcasting


You couldn't memorise any spells.
You knew the following spells:

 Your Spells              Type           Power      Damage    Failure   Level
a - Sandblast             Erth           20%        2d7       7%          1
b - Passwall              Tmut/Erth      8%         N/A       11%         2
c - Stone Arrow           Conj/Erth      20%        3d8       21%         3
d - Petrify               Tmut/Erth      10%        N/A       56%         4
Your spell library was empty.

Dungeon Overview and Level Annotations

Branches:
Dungeon (1/15)

Altars:


Innate Abilities, Weirdness & Mutations

You are immune to sickness and miasma.
You are immune to poison.
Your flesh is very heat resistant. (rF++)
You are vulnerable to cold. (rC-)
You float through the air rather than walking.
You learn spells naturally, not from books.
Your magical power is your life essence.
You have superior vitality. (+4 MHP)


Message History

Things that are here:
a +0 dagger; a goblin corpse You see here a +2 dagger of venom.
d - a +2 dagger of venom Your +2 dagger of venom begins to drip with poison!
d - a +2 dagger of venom (weapon)
A kobold comes into view.
It is wielding a +0 dagger of protection.
You see here a brown potion.
A quokka comes into view.
A hobgoblin comes into view.
The hobgoblin shouts!
Aiming: Sandblast (safe; 7% risk of failure)
Press: ? - help, Q - select action, (/) - cycle Shift-Dir - straight line, f - kobold
Aim: a kobold, wielding a +0 dagger of protection and quivering stones (wandering, hasn't noticed you, 77% to hit)
The blast of sand hits the kobold.
The kobold is severely wounded.
The kobold shouts!
Aiming: Sandblast (safe; 7% risk of failure)
Press: ? - help, Q - select action, (/) - cycle Shift-Dir - straight line, f/p - kobold
Aim: a kobold, wielding a +0 dagger of protection and quivering stones (severely wounded, 77% to hit)
The blast of sand hits the kobold but does no damage.
The kobold is severely wounded.
The kobold hits you with a +0 dagger of protection.
Aiming: Sandblast (safe; 7% risk of failure)
Press: ? - help, Q - select action, (/) - cycle Shift-Dir - straight line, f/p - kobold
Aim: a kobold, wielding a +0 dagger of protection and quivering stones (severely wounded, 77% to hit)
The blast of sand misses the kobold.
The kobold hits you with a +0 dagger of protection.
The quokka barely misses you. The hobgoblin hits you.
The kobold closely misses you. The kobold attacks as you move away!
The kobold hits you with a +0 dagger of protection.
The quokka twitches its whiskers.
The quokka bites you.
* * * LOW HITPOINT WARNING * * *
The quokka attacks as you move away! The quokka barely misses you.
The hobgoblin attacks as you move away! The hobgoblin closely misses you.
The kobold attacks as you move away!
The kobold hits you with a +0 dagger of protection.
You die...

#####... ..... ####### ##
#.#.# ......# #. #.. ..#.#
#####.# ##. ##.# #####.#.#
.... ... ..##.#.# #..##.#
#.##.#.#####
#.....######.##........
#...!........###....
#.r@#####...## ##... #.gK#
#...# ##.... .........#
##..# #..... .#.###..##
#.#.###.... ###...
#.##...#.## . ...#
#....)...# #####.###..#.#
#..####### ##...#...#....#
##...#
#####..8...8...8..####.###.#


You could see a quokka, a hobgoblin and a kobold.

Vanquished Creatures
  An endoplasm (D:1)
  A goblin (D:1)
  A frilled lizard (D:1)
  A kobold (D:1)
4 creatures vanquished.

Notes
Turn   | Place    | Note
-------+----------+-------------------------------------------
     0 | D:1      | Banquo the Djinni Earth Elementalist began the quest for
                  | the Orb.
     0 | D:1      | Banquo set off with the following spells memorised:
                  | Sandblast, Passwall, Stone Arrow, Petrify.
     0 | D:1      | Reached XP level 1. HP: 15/15 MP: 0/0
   149 | D:1      | Slain by a kobold

Illustrated notes

Levels and vault maps discovered:
D:1:      psy_arrival_conway, layout_loops_ring, kennysheep_another_room,
          minmay_misc_feat_four_crosses, hex_large

Action                     || total
---------------------------++-------
   Cast: Sandblast         ||     9
  Dodge: Dodged            ||     4

Table legend: (Time is in decaauts)
 A = Elapsed time spent in this place.
 B = Non-inter-level travel time spent in this place.
 C = Inter-level travel time spent in this place.
 D = Time resting spent in this place.
 E = Time spent auto-exploring this place.
 F = Levels seen in this place.
 G = Mean time per level.
                   A        B        C        D        E       F      G
               +--------+--------+--------+--------+--------+-----+--------+
         Total |    153 |    153 |      0 |      0 |    121 |   1 |  153.0 |
       Dungeon |    153 |    153 |      0 |      0 |    121 |   1 |  153.0 |
               +--------+--------+--------+--------+--------+-----+--------+

Top non-repeatable levels by time:
     D:1: 153 daAuts
